 Dungeon Crawl Stone Soup version 0.20-a0-470-gbb038bd (webtiles) character file.

55 Amnesiac the Magician (level 3, -2/24 HPs)
             Began as a Mummy Enchanter on Jan 13, 2017.
             Slain by an adder (3 damage)
             ... on level 2 of the Dungeon.
             The game lasted 00:02:10 (885 turns).

Amnesiac the Magician (Mummy Enchanter)              Turns: 885, Time: 00:02:11

Health: -2/24      AC:  3    Str: 11    XL:     3   Next: 67%
Magic:  2/8        EV: 12    Int: 15    God:
Gold:   7          SH:  0    Dex: 12    Spells: 2/9 levels left

rFire  x . .     SeeInvis .     a - +1 dagger
rCold  + . .     Gourm    .     b - +0 robe
rNeg   + + +     Faith    .     (no shield)
rPois  ∞         Spirit   .     (no helmet)
rElec  .         Reflect  .     (no cloak)
rCorr  .         Harm     .     e - +0 pair of gloves
MR     .....                    (no boots)
Stlth  ++........               (no amulet)
                                (no ring)
                                (no ring)

@: no status effects
A: no food or potions, fire vulnerability, cold resistance 1, negative energy
resistance 3, torment resistance, unbreathing
a: no special abilities


You were on level 2 of the Dungeon.
You were not hungry.

You visited 1 branch of the dungeon, and saw 2 of its levels.

You collected 7 gold pieces.

Inventory:

Hand Weapons
 a - a +1 dagger (weapon)
Armour
 b - a +0 robe (worn)
 e - a +0 pair of gloves (worn)
Wands
 f - a wand of digging (7/24)
Scrolls
 d - a scroll of fear {unknown}
Books
 c - a book of Maledictions

   Spells                             Type                      Level
   a - Corona                         Hexes                        1
   b - Ensorcelled Hibernation        Hexes/Ice                    2
   c - Confuse                        Hexes                        3
   d - Tukima's Dance                 Hexes                        3
   e - Dazzling Spray                 Conjuration/Hexes            3


   Skills:
 - Level 0.7 Short Blades
 - Level 1.5 Dodging
 - Level 2.4 Stealth
 + Level 3.8 Spellcasting
 * Level 3.7 Hexes


You had 2 spell levels left.
You knew the following spells:

 Your Spells              Type           Power        Failure   Level  Hunger
e - Confuse               Hex            ##......     14%         3    N/A
f - Corona                Hex            ##.....      4%          1    N/A
w - Tukima's Dance        Hex            ##......     14%         3    N/A

Dungeon Overview and Level Annotations

Branches:
Dungeon (2/15)

Altars:


Innate Abilities, Weirdness & Mutations

You do not eat or drink.
Your flesh is vulnerable to fire.
You are immune to poison.
Your flesh is cold resistant. (rC+)
You are immune to negative energy. (rN+++)
You are immune to unholy pain and torment.
You can survive without breathing.


Message History

The gnoll resists with significant effort.
The gnoll closely misses you.
A kobold comes into view. It is wielding a dagger.
Things that are here:
a club x2
An adder comes into view.
The adder hisses angrily.
The hobgoblin shouts!
You hear a shout!
The hobgoblin throws a stone.
The stone hits you.
* * * LOW HITPOINT WARNING * * *
You see here a stone.
The hobgoblin throws a stone.
The stone hits you but does no damage.
You see here a stone.
The hobgoblin throws a stone.
The stone hits you but does no damage. The adder bites you but does no damage.
The hobgoblin throws a stone.
The stone hits you.
* * * LOW HITPOINT WARNING * * *
You see here a stone.
The adder bites you.
You die...

..<...##÷# #..
...#####!# ####
.....[...#
.#.#####.# #. #.#
#. #.# #. #.#
#.#####.# ##
#..@(##.######
#.##.).S..g.......
#.#...g.#########
.......#g#..#
######.#.#..##
##..#...##
##.#..#.## ...
#..).##.# ...
#.#..#### .(.


You could see 2 gnolls, an adder and a hobgoblin.

Vanquished Creatures
  Jessica (D:2)
  An adder (D:2)
  2 dart slugs
  2 bats (D:2)
  A giant cockroach (D:1)
  4 hobgoblins
  2 kobolds (D:2)
  3 frilled lizards
  A rat (D:2)
17 creatures vanquished.

Notes
Turn   | Place    | Note
-------+----------+-------------------------------------------
     0 | D:1      | Amnesiac the Mummy Enchanter began the quest for the Orb.
     0 | D:1      | Reached XP level 1. HP: 13/13 MP: 4/4
    61 | D:2      | Noticed Jessica
   232 | D:1      | Reached XP level 2. HP: 15/19 MP: 4/6
   405 | D:2      | Killed Jessica
   405 | D:2      | Reached XP level 3. HP: 9/24 MP: 1/8
   410 | D:2      | Learned a level 3 spell: Confuse
   414 | D:2      | Learned a level 3 spell: Tukima's Dance
   884 | D:2      | HP: 1/24 [hobgoblin/stone (1)]
   885 | D:2      | Slain by an adder

Vault maps used:
D:1:      minmay_arrival_split_and_join, minmay_statues_item
D:2:      fedhas_altar_4, serial_park_tiny_pond, uniq_jessica

Skill      XL: |  1 |
---------------+----+-----
Spellcasting   | 3 |  3.8
Hexes          | 3 |  3.7
Short Blades   | |  0.7
Dodging        | |  1.5
Stealth        | |  2.4

Action                   || total
-------------------------++-------
Melee: Dagger            ||    62
 Cast: Corona            ||    23
       Tukima's Dance    ||     3
 Stab: Sleeping          ||     3
Armor: Robe              ||    12
Dodge: Dodged            ||    45
